 Dungeon Crawl Stone Soup version 0.32-a0-886-g41c5271027 (webtiles) character file.

Game seed: 16002481757105516307

284 Lanoc the Shooter (level 6, -3/47 HPs)
             Began as a Coglin Hunter on Apr 2, 2024.
             Was a Believer of Cheibriados.
             Succumbed to a kobold brigand's curare-tipped dart
             ... in a sewer.
             The game lasted 00:02:47 (1832 turns).

Lanoc the Shooter (Coglin Hunter)                   Turns: 1832, Time: 00:02:47

Health: -3/47      AC:  3    Str: 17    XL:     6   Next: 29%
Magic:  6/6        EV: 13    Int: 15    God:    Cheibriados [**....]
Gold:   121        SH:  0    Dex: 25    Spells: 5/5 levels left

rFire   . . .        a - +2 sling {Ahumratum}
rCold   . . .        d - +0 sling {Gaius}
rNeg    . . .        c - +0 leather armour
rPois   .            (no helmet)
rElec   .            (no cloak)
rCorr   .            (no gloves)
SInv    .            (no boots)
Will    .....        (amulet unavailable)
Stlth   ++           (ring unavailable)
HPRegen 0.27/turn    (ring unavailable)
MPRegen 0.10/turn    (no gizmo)

%: no passive effects
@: brilliant, lethally poisoned (-3 -> -20), slowed, revved, very slow
A: off-hand wielding, slow wielding, warmup strikes, no jewellery
a: Invent Gizmo, Renounce Religion, Bend Time


You were in a sewer.
You worshipped Cheibriados.
Cheibriados was pleased with you.
You visited 1 branch of the dungeon, and saw 3 of its levels.
You also visited: Sewer.

You collected 121 gold pieces.

Inventory:

Hand Weapons
 a - a +2 sling (weapon) {Ahumratum}
 d - a +0 sling (offhand) {Gaius}
Armour
 c - a +0 leather armour (worn)
Scrolls
 b - a scroll of butterflies
 f - 2 scrolls of poison {unknown}
 g - a scroll of identify
Potions
 e - a potion of might
 h - a potion of cancellation
 j - a potion of resistance


   Skills:
 + Level 3.5 Fighting
 * Level 5.4 Ranged Weapons
 + Level 3.2 Dodging
 - Level 0.7 Stealth


You had 5 spell levels left.
You didn't know any spells.
Your spell library contained the following spells:

 Spells                   Type           Power      Damage    Failure   Level
 Tukima's Dance           Hex            0%         N/A       69%         3
 Passage of Golubria      Tloc           0%         N/A       97%         4
 Yara's Violent Unravell  Hex/Alch       0%         3d3       100%        5


Dungeon Overview and Level Annotations

Branches:
Dungeon (3/15)              Sewer (1/1)

Altars:
Cheibriados

Shops:
D:2 *


Innate Abilities, Weirdness & Mutations

You can wield a second weapon in your off-hand.
It takes a long time for you to wield or remove held weapons.
Your first few attacks do less damage.
You cannot equip rings or amulets.


Message History

The kobold brigand throws a curare-tipped dart.
The curare-tipped dart barely misses you.
The kobold brigand throws a curare-tipped dart.
The curare-tipped dart hits you.
You are poisoned.
You have difficulty breathing.
You feel yourself slow down.
Fire: a) +2 sling {Ahumratum}
Press: ? - help, Q - select action, (/) - cycle Shift-Dir - straight line, f/p - kobold brigand
Aim: a kobold brigand, wielding a +0 short sword and quivering curare-tipped darts (lightly wounded, 61% to hit)
You shoot a sling bullet.
The sling bullet hits the kobold brigand.
The kobold brigand is moderately wounded.
You shoot a sling bullet.
The sling bullet completely misses the kobold brigand.
You feel very sick.
The kobold brigand throws a curare-tipped dart.
The curare-tipped dart hits you.
You are lethally poisoned!
You have difficulty breathing.
* * * LOW HITPOINT WARNING * * *
You feel as though you will be slow longer.
Fire: a) +2 sling {Ahumratum}
Press: ? - help, Q - select action, (/) - cycle Shift-Dir - straight line, f/p - kobold brigand
Aim: a kobold brigand, wielding a +0 short sword and quivering curare-tipped darts (moderately wounded, 61% to hit)
You shoot a sling bullet.
The sling bullet hits the kobold brigand.
The kobold brigand is heavily wounded.
You shoot a sling bullet.
The sling bullet hits the kobold brigand.
The kobold brigand is severely wounded.
* * * LOW HITPOINT WARNING * * *
You feel extremely sick. The kobold brigand barely misses you.
The kobold brigand hits you with a +0 short sword.
* * * LOW HITPOINT WARNING * * *
The kobold brigand barely misses you.
It was a potion of brilliance.
You feel clever all of a sudden.
You die...
Cheibriados appreciates the motionlessness of death.

###### #### #....#
#... #..∩.# #.∩.
#....### #..!
#.)[.#~≈~#!).
##))##~~~##'K###
###).)~#~≈~~~~KK@#
#.P.~~~#~≈~#P~~KK#
#...~.~#~≈~#~~P..#
.......#~≈~#~~~..#
...P..P#~≈~#.....#
......~#~~~#.....#
....P~~#~≈~#....##
....~~~#~≈~#P~..##
....~~~~~≈~#~~...###


You could see 2 kobold brigands and 3 kobolds.

Vanquished Creatures
  2 kobold brigands (Sewer)
  An iguana (D:2)
  2 adders
  3 river rats (D:3)
  2 ribbon worms
  5 ball pythons
  4 endoplasms
  5 giant cockroaches
  6 goblins
  4 hobgoblins
  4 jackals (D:1)
  13 kobolds
  4 quokkas
  4 bats
  2 frilled lizards (Sewer)
  3 rats
64 creatures vanquished.

Notes
Turn   | Place    | Note
-------+----------+-------------------------------------------
     0 | D:1      | Lanoc the Coglin Hunter began the quest for the Orb.
     0 | D:1      | Reached XP level 1. HP: 16/16 MP: 1/1
   127 | D:1      | Reached XP level 2. HP: 22/22 MP: 2/2
   538 | D:1      | Reached skill level 4 in Ranged Weapons
   797 | D:2      | Reached XP level 3. HP: 28/28 MP: 3/3
   827 | D:2      | Found Qocurhet's General Store.
   972 | D:2      | Found a faded altar of an unknown god.
   979 | D:2      | Prayed at the altar of an unknown god.
   979 | D:2      | Became a worshipper of Cheibriados the Contemplative
   979 | D:2      | Reached * piety under Cheibriados
  1154 | D:2      | Reached XP level 4. HP: 34/34 MP: 4/4
  1399 | D:3      | Reached ** piety under Cheibriados
  1470 | D:3      | Found a glowing drain.
  1478 | D:3      | Reached XP level 5. HP: 11/41 MP: 5/5
  1504 | Sewer    | Entered a sewer
  1614 | Sewer    | Noticed a kobold brigand
  1621 | Sewer    | Killed a kobold brigand
  1622 | Sewer    | Reached skill level 5 in Ranged Weapons
  1727 | Sewer    | Noticed a kobold brigand
  1734 | Sewer    | Killed a kobold brigand
  1735 | Sewer    | Reached XP level 6. HP: 12/47 MP: 6/6
  1831 | Sewer    | HP: 1/47 [kobold brigand/+0 short sword (2)]
  1832 | Sewer    | Succumbed to a kobold brigand's curare-tipped dart

Illustrated notes

Levels and vault maps discovered:
D:1:      dpeg_chamrin_arrival_tetris, layout_basic
D:2:      layout_loops_ring, serial_shops, shop,
          shapermc_ecumenical_altar_acropolis, skrybe_limestone_x
D:3:      layout_loops_cross, portal_sewer_entry_e, uniq_ijyb
Sewer:    kennysheep_pipe_town

Skill      XL: |  1  2  3  4  5 |
---------------+----------------+-----
Dodging        | 2 3 |  3.2
Ranged Weapons | 4 5 |  5.4
Fighting       | 3 |  3.5
Stealth        | |  0.7

Action                     |  1- 3 |  4- 6 || total
---------------------------+-------+-------++-------
   Fire: Sling             |   116 |   158 ||   274
    Use: Scroll            |       |     5 ||     5
         Potion            |       |     2 ||     2
 Armour: Leather armour    |     6 |    52 ||    58
  Dodge: Dodged            |     6 |    41 ||    47

Table legend: (Time is in decaauts)
 A = Elapsed time spent in this place.
 B = Non-inter-level travel time spent in this place.
 C = Inter-level travel time spent in this place.
 D = Time resting spent in this place.
 E = Time spent auto-exploring this place.
 F = Levels seen in this place.
 G = Mean time per level.
                   A        B        C        D        E       F      G
               +--------+--------+--------+--------+--------+-----+--------+
         Total |   2111 |   2053 |     58 |     18 |   1664 |   4 |  527.8 |
       Dungeon |   1712 |   1654 |     58 |     18 |   1344 |   3 |  570.7 |
         Sewer |    399 |    399 |      0 |      0 |    319 |   1 |  399.0 |
               +--------+--------+--------+--------+--------+-----+--------+

Top non-repeatable levels by time:
     D:1: 786 daAuts
     D:2: 772 daAuts
   Sewer: 399 daAuts
     D:3: 153 daAuts
